 Dungeon Crawl Stone Soup version 0.29-a0-222-g5b244fca1f (webtiles) character file.

Game seed: 12501941890414452596

38 Hasart the Bolt Thrower (level 3, 0/29 HPs)
             Began as a Demigod Hunter on Feb 27, 2022.
             Slain by Ijyb
             ... wielding a +0 dagger
              (6 damage)
             ... on level 2 of the Dungeon.
             The game lasted 00:02:29 (1090 turns).

Hasart the Bolt Thrower (Demigod Hunter)            Turns: 1090, Time: 00:02:29

Health: 0/29       AC:  3    Str: 13    XL:     3   Next: 10%
Magic:  5/5        EV: 12    Int: 13    God:
Gold:   76         SH:  0    Dex: 18    Spells: 2/2 levels left

rFire   . . .      SeeInvis .   a - +1 hand crossbow
rCold   . . .      Faith    .   (no shield)
rNeg    . . .      Spirit   .   b - +0 leather armour
rPois   .          Reflect  .   (no helmet)
rElec   .          Harm     .   (no cloak)
rCorr   .          Rampage  .   (no gloves)
Will    .....                   (no boots)
Stlth   ++........              (no amulet)
HPRegen 0.09/turn               (no ring)
MPRegen 0.09/turn               (no ring)

@: no status effects
A: high MP 1, forlorn, divine attributes
a: no special abilities


You were on level 2 of the Dungeon.
You visited 1 branch of the dungeon, and saw 2 of its levels.

You collected 76 gold pieces.

Inventory:

Hand Weapons
 a - a +1 hand crossbow (weapon)
Armour
 b - a +0 leather armour (worn)
Scrolls
 e - a scroll of noise {unknown}
Potions
 c - a potion of brilliance {unknown}
 d - a potion of mutation {unknown}


   Skills:
 + Level 2.2 Fighting
 + Level 3.9 Crossbows
 + Level 2.2 Dodging
 + Level 1.6 Stealth


You had 2 spell levels left.
You didn't know any spells.
Your spell library was empty.

Dungeon Overview and Level Annotations

Branches:
Dungeon (2/15)

Annotations:
D:2 Ijyb


Innate Abilities, Weirdness & Mutations

You have an increased reservoir of magic. (+10% MP)
You shall have no god before yourself.
Your divine heritage dramatically boosts your attributes as you level up.


Message History

You shoot a bolt. The bolt misses the goblin.
Your line of fire to the goblin is blocked by a granite statue.
Continue anyway? [Y]es or [N]o only, please.
Your line of fire to the goblin is blocked by a granite statue.
Continue anyway?
Okay, then.
Your line of fire to the goblin is blocked by a granite statue.
Continue anyway?
Okay, then.
Your line of fire to the goblin is blocked by a granite statue.
Continue anyway?
Okay, then.
You shoot a bolt. The bolt hits the goblin.
You kill the goblin!
No target in view!
No target in view!
Unknown command.
The goblin barely misses you.
Things that are here:
a +0 dagger; a goblin corpse You shoot a bolt.
The bolt hits the goblin!
You kill the goblin!
The goblin shoots a sling bullet.
The sling bullet closely misses you. The goblin barely misses you.
You shoot a bolt. The bolt hits Ijyb but does no damage.
Ijyb zaps a wand.
Your mind is blasted!
The goblin hits you but does no damage.
You shoot a bolt. The bolt hits Ijyb but does no damage.
Ijyb hits you with a +0 dagger. The goblin closely misses you.
Ijyb hits you with a +0 dagger.
* * * LOW HITPOINT WARNING * * *
Unknown command.
Shoot: a) +1 hand crossbow
Press: ? - help, Q - select action Shift-Dir - straight line, f/p - Ijyb
Aim: Ijyb, wielding a +0 dagger, wearing a +2 chain mail of cold resistance and carrying a wand of mindburst (12) (65% to hit)
You shoot a bolt. The bolt hits Ijyb but does no damage.
Unknown command.
Unknown command.
Shoot: a) +1 hand crossbow
Press: ? - help, Q - select action Shift-Dir - straight line, f/p - Ijyb
Aim: Ijyb, wielding a +0 dagger, wearing a +2 chain mail of cold resistance and carrying a wand of mindburst (12) (65% to hit)
You shoot a bolt. The bolt hits Ijyb but does no damage.
Ijyb hits you with a +0 dagger.
You die...

#................#####.#.....##.#
.<...............#####.#..#..†#.#
#.#..............................
#.#.###...###..#######.†..#..#...
#.#.# #........# #....##.....
#†#># #...####.# ##)..####...
#.#.# ##.## #.# ###.# #.. ....#
#.# #.##########.# .. ..### #.#
#..@gg...>...# #. #.#
#####g.####### #.# #..8.8.8.
#....)... #...$.... #........
........g #........ #..8.8.8.


You could see Ijyb and 2 goblins.

Vanquished Creatures
  3 dart slugs
  2 endoplasms (D:2)
  2 giant cockroaches
  8 goblins
  A hobgoblin (D:1)
  3 kobolds
  5 ball pythons
  4 bats
  2 rats (D:1)
30 creatures vanquished.

Notes
Turn   | Place    | Note
-------+----------+-------------------------------------------
     0 | D:1      | Hasart the Demigod Hunter began the quest for the Orb.
     0 | D:1      | Reached XP level 1. HP: 17/17 MP: 3/3
    63 | D:1      | Reached skill level 1 in Stealth
   217 | D:1      | Reached XP level 2. HP: 24/24 MP: 4/4
  1027 | D:2      | Reached XP level 3. HP: 29/29 MP: 5/5
  1076 | D:2      | Noticed Ijyb
  1090 | D:2      | Slain by Ijyb

Illustrated notes

Levels and vault maps discovered:
D:1:      dpeg_arrival_tiny_j, layout_loops_ring,
          hellmonk_ecumenical_altar_prayer_group, lemuel_old_faithful
D:2:      kennysheep_the_goblin_king, layout_loops_ring

Skill      XL: |  1 |
---------------+----+-----
Stealth        | 1 |  1.6
Fighting       | 2 |  2.2
Dodging        | 2 |  2.2
Crossbows      | |  3.9

Action                   || total
-------------------------++-------
 Fire: Hand crossbow     ||    74
Armor: Leather armour    ||     8
Dodge: Dodged            ||    12

Table legend: (Time is in decaauts)
 A = Elapsed time spent in this place.
 B = Non-inter-level travel time spent in this place.
 C = Inter-level travel time spent in this place.
 D = Time resting spent in this place.
 E = Time spent auto-exploring this place.
 F = Levels seen in this place.
 G = Mean time per level.
                   A        B        C        D        E       F      G
               +--------+--------+--------+--------+--------+-----+--------+
         Total |   1115 |   1079 |     36 |      0 |    926 |   2 |  557.5 |
       Dungeon |   1115 |   1079 |     36 |      0 |    926 |   2 |  557.5 |
               +--------+--------+--------+--------+--------+-----+--------+

Top non-repeatable levels by time:
     D:1: 903 daAuts
     D:2: 212 daAuts
